 Seeded DCSS version 0.30-a0-626-gd6a5dd7a1f (webtiles) character file.

Game seed: 13141578161426419531 (custom seed)

228 purpskrrrp the Skirmisher (level 5, 0/43 HPs)
             Began as a Deep Elf Hunter on Jan 12, 2023.
             Was an Initiate of Gozag.
             Slain by a scorpion (1 damage)
             ... on level 4 of the Dungeon.
             The game lasted 00:04:24 (3034 turns).

purpskrrrp the Skirmisher (Deep Elf Hunter)         Turns: 3034, Time: 00:04:25

Health: 0/43       AC:  5    Str:  8    XL:     5   Next: 70%
Magic:  7/7        EV: 12    Int: 14    God:    Gozag
Gold:   430        SH:  0    Dex: 20    Spells: 4/4 levels left

rFire   . . .      SeeInvis .    a - +0 shortbow
rCold   . . .      Faith    .    (shield currently unavailable)
rNeg    . . .      Spirit   .    c - +0 leather armour
rPois   .          Reflect  .    (helmet restricted)
rElec   .          Harm     .    f - +1 cloak
rCorr   .          Rampage  .    (no gloves)
Will    .....                    (no boots) Stlth
                                 (no amulet)
HPRegen 0.27/turn                (no ring)
MPRegen 0.10/turn                (no ring)

@: berserking, lethally poisoned (0 -> -3), very quick
A: horns 1, inability to drink after injury 1
a: Renounce Religion, Potion Petition, Call Merchant, Bribe Branch


You were on level 4 of the Dungeon.
You worshipped Gozag.
Gozag was aware of your devotion.
You visited 1 branch of the dungeon, and saw 4 of its levels.

You collected 474 gold pieces.
You paid 44 gold pieces to Gozag.

Inventory:

Hand Weapons
 a - a +0 shortbow (weapon)
Armour
 c - a +0 leather armour (worn)
 f - a +1 cloak (worn)
Jewellery
 d - a ring of resist corrosion
Scrolls
 b - a scroll of immolation
 g - a scroll of enchant weapon {unknown}
 l - a scroll of identify
 m - a scroll of teleportation
 o - a scroll of magic mapping {unknown}
Potions
 e - a potion of might {unknown}
 i - 3 potions of magic
 k - 3 potions of degeneration {unknown}
 n - a potion of curing {unknown}


   Skills:
 - Level 1.5 Fighting
 + Level 9.3 Ranged Weapons
 - Level 2.4 Dodging
 - Level 1.3 Stealth


You had 4 spell levels left.
You didn't know any spells.
Your spell library was empty.

Dungeon Overview and Level Annotations

Branches:
Dungeon (4/15)
 Temple: D:4-7

Altars:
Gozag


Innate Abilities, Weirdness & Mutations

You have a pair of small horns on your head.
You occasionally lose the ability to drink potions when taking damage.


Message History

You are too injured to fight recklessly!
You are too injured to fight recklessly!
You are too injured to fight recklessly!
You are too injured to fight recklessly!
You are too injured to fight recklessly!
You are too injured to fight recklessly!
You are too injured to fight recklessly!
You are too injured to fight recklessly!
You are too injured to fight recklessly!
You are too injured to fight recklessly!
You are too injured to fight recklessly!
You are too injured to fight recklessly!
Fire: a) +0 shortbow
Press: ? - help, Shift-Dir - straight line, f/p - scorpion
Aim: a scorpion (almost dead, 66% to hit)
You shoot an arrow. The arrow barely misses the scorpion.
You can drink potions again.
You feel very sick. The scorpion stings you.
* * * LOW HITPOINT WARNING * * *
Fire: a) +0 shortbow
Press: ? - help, Shift-Dir - straight line, f/p - scorpion
Aim: a scorpion (almost dead, 66% to hit)
You shoot an arrow.
The arrow hits the scorpion but does no damage.
The scorpion is almost dead.
* * * LOW HITPOINT WARNING * * *
You feel sick. The scorpion barely misses you.
As you read the scroll labelled DISEATR GOUFID, it crumbles to dust.
It is a scroll of enchant armour.
Your +0 cloak glows green for a moment.
* * * LOW HITPOINT WARNING * * *
You feel sick. The scorpion barely misses you.
It was a potion of berserk rage.
A red film seems to cover your vision as you go berserk!
You feel yourself moving faster!
You feel mighty!
* * * LOW HITPOINT WARNING * * *
You feel sick. The scorpion stings you.
You die...
Your body crumbles into a pile of gold.

. ### .. ..# ...
#.# #.# .... #.#
#.# ..... #.#
#.#
......###.####.#
......s@.....#.#
[.....###.##.#.#
.....
#.##.#.#########
....
#.##..).))..)..)
###
#.####.#########
#......#
######.# ###


You could see a scorpion.

Vanquished Creatures
  An orc priest (D:4)
  An iguana (D:4)
  An orc wizard (D:3)
  4 adders
  A worm (D:3)
  4 dart slugs
  13 orcs
  5 bats
  9 endoplasms
  8 giant cockroaches
  8 goblins
  6 hobgoblins
  4 kobolds
  3 quokkas
  7 ball pythons
  3 frilled lizards
  6 rats
84 creatures vanquished.

Notes
Turn   | Place    | Note
-------+----------+-------------------------------------------
     0 | D:1      | purpskrrrp the Deep Elf Hunter began the quest for the Orb.
     0 | D:1      | Reached XP level 1. HP: 12/12 MP: 3/3
   142 | D:1      | Reached XP level 2. HP: 16/16 MP: 4/4
   299 | D:1      | Reached skill level 6 in Ranged Weapons
   795 | D:1      | Reached XP level 3. HP: 20/20 MP: 5/5
  1089 | D:2      | Gained mutation: You occasionally shout uncontrollably at
                  | your foes. [potion of mutation]
  1089 | D:2      | Gained mutation: You occasionally lose the ability to drink
                  | potions when taking damage. [potion of mutation]
  1089 | D:2      | Lost mutation: You occasionally shout uncontrollably at
                  | your foes. [potion of mutation]
  1089 | D:2      | Gained mutation: You have a pair of small horns on your
                  | head. [potion of mutation]
  1275 | D:2      | Reached skill level 7 in Ranged Weapons
  1378 | D:2      | Found an opulent altar of Gozag.
  1444 | D:2      | Became a worshipper of Gozag Ym Sagoz the Greedy
  1453 | D:2      | Reached XP level 4. HP: 25/25 MP: 6/6
  1968 | D:3      | Reached skill level 8 in Ranged Weapons
  2037 | D:3      | Found a faded altar of an unknown god.
  2274 | D:3      | Reached XP level 5. HP: 28/29 MP: 7/7
  2937 | D:4      | Reached skill level 9 in Ranged Weapons
  3033 | D:4      | HP: 1/29 [poisoned by a scorpion]
  3034 | D:4      | Slain by a scorpion

Illustrated notes

Levels and vault maps discovered:
D:1:      amcnicky_arrival_flooded_fountain, layout_basic, serial_curves,
          eino_curves_02, eino_curves_03, minmay_heptomino_h4
D:2:      minmay_alternating_diamond, layout_basic, basic_altar
D:3:      layout_loops_ring, nicolae_ecumenical_oubliette
D:4:      wad_river_or_something, layout_basic

Skill      XL: |  1  2  3  4  5 |
---------------+----------------+-----
Ranged Weapons | 6 7 8 9 |  9.3
Fighting       | |  1.5
Dodging        | |  2.4
Stealth        | |  1.3

Action                   |  1- 3 |  4- 6 || total
-------------------------+-------+-------++-------
 Fire: Shortbow          |    86 |   134 ||   220
  Use: Scroll            |     4 |     2 ||     6
       Potion            |     1 |     1 ||     2
Armor: Leather armour    |    12 |    12 ||    24
Dodge: Dodged            |    12 |    32 ||    44

Table legend: (Time is in decaauts)
 A = Elapsed time spent in this place.
 B = Non-inter-level travel time spent in this place.
 C = Inter-level travel time spent in this place.
 D = Time resting spent in this place.
 E = Time spent auto-exploring this place.
 F = Levels seen in this place.
 G = Mean time per level.
                   A        B        C        D        E       F      G
               +--------+--------+--------+--------+--------+-----+--------+
         Total |   3071 |   2830 |    241 |    144 |   2276 |   4 |  767.8 |
       Dungeon |   3071 |   2830 |    241 |    144 |   2276 |   4 |  767.8 |
               +--------+--------+--------+--------+--------+-----+--------+

Top non-repeatable levels by time:
     D:3: 1107 daAuts
     D:1: 1097 daAuts
     D:2: 749 daAuts
     D:4: 117 daAuts
